 Dungeon Crawl Stone Soup version 0.30.0-5-g1a98f26d00 (webtiles) character file.

Game seed: 1949488642360623264

186 qeuew the Covered (level 5, 0/47 HPs)
             Began as a Minotaur Fighter on May 8, 2023.
             Succumbed to a water moccasin's poison
             ... on level 3 of the Dungeon.
             The game lasted 00:03:42 (1855 turns).

qeuew the Covered (Minotaur Fighter)                Turns: 1855, Time: 00:03:43

Health: 0/47       AC: 16    Str: 34    XL:     5   Next: 38%
Magic:  4/4        EV:  8    Int:  8    God:
Gold:   107        SH:  5    Dex: 14    Spells: 4/4 levels left

rFire   . . .        b - +3 hand axe "String" {protect, *Corrode Str+4 Dex+2}
rCold   . . .        c - +0 buckler
rNeg    . . .        f - +1 plate armour "Elusk" {Str+4 Int+3 SInv}
rPois   .            (helmet restricted)
rElec   .            (no cloak)
rCorr   .            (no gloves)
SInv    +            (no boots)
Will    .....        (no amulet) Stlth
                     h - +6 ring of strength
HPRegen 0.27/turn    (no ring)
MPRegen 0.09/turn

%: corrode self (3%)
@: mighty, lethally poisoned (0 -> -32), corroded, under a protective aura,
invisible
A: horns 2, retaliatory headbutt
a: no special abilities


You were on level 3 of the Dungeon.
You visited 1 branch of the dungeon, and saw 3 of its levels.

You collected 107 gold pieces.

Inventory:

Hand Weapons
 a - a +0 war axe
 b - the +3 hand axe "String" (weapon) {protect, *Corrode Str+4 Dex+2}
   (You found it on level 3 of the Dungeon)

   Str:       It affects your strength (+4).
   Dex:       It affects your dexterity (+2).
   *Corrode:  It may corrode you when you take damage.
Armour
 c - a +0 buckler (worn)
 f - the +1 plate armour "Elusk" (worn) {Str+4 Int+3 SInv}
   (You found it on level 3 of the Dungeon)

   Str:       It affects your strength (+4).
   Int:       It affects your intelligence (+3).
   SInv:      It lets you see invisible.
Jewellery
 h - a +6 ring of strength (left hand)
Scrolls
 e - a scroll of fear
 k - a scroll of amnesia
Potions
 j - 2 potions of flight {unknown}
 l - a potion of heal wounds {unknown}


   Skills:
 + Level 4.5 Fighting
 + Level 3.5 Axes
 * Level 5.2 Armour
 + Level 2.0 Dodging
 + Level 4.3 Shields


You had 4 spell levels left.
You didn't know any spells.
Your spell library contained the following spells:

 Spells                   Type           Power      Damage    Failure   Level
 Sting                    Tmut/Pois      0%         1d3       98%         1
 Poisonous Vapours        Pois/Air       0%         N/A       99%         2
 Olgreb's Toxic Radiance  Pois           0%         N/A       100%        4


Dungeon Overview and Level Annotations

Branches:
Dungeon (3/15)

Altars:
Cheibriados
Nemelex Xobeh

Shops:
D:1 ?


Innate Abilities, Weirdness & Mutations

You have a pair of horns on your head.
You reflexively headbutt those who attack you in melee.


Message History

The adder bites you but does no damage.
You hit the water moccasin.
Your weapon exudes an aura of protection.
The water moccasin is lightly wounded.
You hit the adder.
You feel sick.
The water moccasin bites you but does no damage.
The adder bites you but does no damage.
The water moccasin bites you but does no damage.
You barely miss the water moccasin.
The water moccasin is lightly wounded.
You closely miss the adder.
You feel sick.
You are no longer poisoned.
The adder barely misses you.
The water moccasin bites you but does no damage.
The adder bites you but does no damage. The water moccasin bites you.
You miss the water moccasin.
The water moccasin is lightly wounded.
You slash the adder!
You kill the adder!
The water moccasin bites you but does no damage.
Unknown command.
You hit the water moccasin. You headbutt the water moccasin!
The water moccasin is severely wounded.
The water moccasin bites you but does no damage.
The water moccasin bites you!
* * * LOW HITPOINT WARNING * * *
You are lethally poisoned!
The water moccasin poisons you!
You barely miss the water moccasin. You headbutt the water moccasin.
The water moccasin is almost dead.
* * * LOW HITPOINT WARNING * * *
You feel very sick. You block the water moccasin's attack.
The water moccasin bites you.
* * * LOW HITPOINT WARNING * * *
You are more poisoned.
The water moccasin poisons you!
Unknown command.
It was a potion of invisibility.
You fade into invisibility!
You die...

# .. ..< .... ##########
.....#### #........#
......†.###........#
......S@...........#####
.......#########...#....
....... ..... #.....#.#
.......#.......#...###.#
.......#.......#....#..#
.......^..._...^†.....##
..[....#.......#......##
.....#.#.......#.###...#
..... #.####..#


You could see a water moccasin (unable to see you).

Vanquished Creatures
  An orc priest (D:3)
  An orc wizard (D:3)
  7 adders (D:3)
  A worm (D:3)
  3 dart slugs
  4 orcs (D:3)
  8 endoplasms
  6 hobgoblins
  6 kobolds
  2 quokkas (D:2)
  5 ball pythons
  6 bats
  A frilled lizard (D:1)
  2 goblins (D:1)
  9 rats
62 creatures vanquished.

Notes
Turn   | Place    | Note
-------+----------+-------------------------------------------
     0 | D:1      | qeuew the Minotaur Fighter began the quest for the Orb.
     0 | D:1      | Reached XP level 1. HP: 19/19 MP: 0/0
   181 | D:1      | Reached XP level 2. HP: 24/27 MP: 1/1
   260 | D:1      | Reached skill level 4 in Armour
   338 | D:1      | Found Lougy's Magic Scroll Shoppe.
   394 | D:1      | Reached skill level 1 in Dodging
   750 | D:2      | Reached XP level 3. HP: 30/33 MP: 2/2
   909 | D:2      | Found a sparkling altar of Nemelex Xobeh.
  1362 | D:3      | Identified the +1 plate armour "Elusk" {Str+4 Int+3 SInv}
  1435 | D:3      | Identified the +3 hand axe "String" {protect, *Corrode
                  | Str+4 Dex+2}
  1480 | D:3      | Reached XP level 4. HP: 40/40 MP: 3/3
  1715 | D:3      | Reached skill level 5 in Armour
  1715 | D:3      | Reached XP level 5. HP: 38/47 MP: 4/4
  1784 | D:3      | Found a snail-covered altar of Cheibriados.
  1840 | D:3      | Noticed a water moccasin
  1855 | D:3      | Succumbed to a water moccasin's poison

Illustrated notes

Levels and vault maps discovered:
D:1:      eino_arrival_cavern_a, layout_basic, serial_shops,
          nicolae_shop_waterfront, serial_bayou_pond_b
D:2:      layout_basic, basic_altar
D:3:      layout_rooms, lemuel_tele_altar, mainiacjoe_overflow_cross_hatched,
          serial_park_tiny_2, minmay_increasing_density

Skill      XL: |  1  2  3  4  5 |
---------------+----------------+-----
Armour         | 4 5 |  5.2
Dodging        | 1 2 |  2.0
Fighting       | 4 |  4.5
Axes           | 3 |  3.5
Shields        | 4 |  4.3

Action                     |  1- 3 |  4- 6 || total
---------------------------+-------+-------++-------
  Melee: War axe           |    84 |       ||    84
         Headbutt          |    16 |     9 ||    25
         Hand axe          |     2 |    51 ||    53
    Use: Scroll            |     4 |       ||     4
         Potion            |       |     3 ||     3
 Armour: Scale mail        |    24 |       ||    24
         Plate armour      |     8 |    31 ||    39
  Dodge: Dodged            |    32 |    18 ||    50
  Block: Buckler           |    14 |     5 ||    19
